 Dungeon Crawl Stone Soup version 0.22-a0-305-gd21a89c (webtiles) character file.

42 xccam the Cudgeler (level 3, -2/29 HPs)
             Began as a Formicid Fighter on Mar 31, 2018.
             Slain by a quokka (4 damage)
             ... on level 2 of the Dungeon.
             The game lasted 00:01:21 (911 turns).

xccam the Cudgeler (Formicid Fighter)                Turns: 911, Time: 00:01:22

Health: -2/29      AC:  6    Str: 26    XL:     3   Next: 80%
Magic:  3/3        EV:  8    Int:  7    God:
Gold:   17         SH: 10    Dex: 10    Spells: 2/2 levels left

rFire    . . .     SeeInvis +   a - +0 flail
rCold    . . .     Gourm    .   c - +0 shield
rNeg     . . .     Faith    .   b - +0 scale mail
rPois    .         Spirit   .   (helmet unavailable)
rElec    .         Reflect  .   (no cloak)
rCorr    .         Harm     .   (no gloves)
MR       .....                  (no boots)
Stlth    ..........             (no amulet)
HPRegen  0.09/turn              (no ring)
MPRegen  0.08/turn              (no ring)

@: mighty
A: permanent stasis, dig shafts and tunnels, four strong arms, antennae 3
a: Dig, Shaft Self


You were on level 2 of the Dungeon.
You were not hungry.

You visited 1 branch of the dungeon, and saw 2 of its levels.

You collected 17 gold pieces.

Inventory:

Hand Weapons
 a - a +0 flail (weapon)
Armour
 b - a +0 scale mail (worn)
 c - a +0 shield (worn)
Scrolls
 e - a scroll of blinking {unknown}
 g - 2 scrolls of noise {unknown}
 h - a scroll of enchant weapon {unknown}
 i - a scroll of teleportation {unknown}
 k - a scroll of remove curse {unknown}
 m - a scroll of identify {unknown}
Potions
 j - a potion of degeneration {unknown}
 l - 2 potions of heal wounds {unknown}
Comestibles
 f - a ration


   Skills:
 - Level 3.2 Fighting
 + Level 3.8 Maces & Flails
 - Level 3.2 Armour
 - Level 3.6 Shields


You had 2 spell levels left.
You didn't know any spells.

Dungeon Overview and Level Annotations

Branches:
Dungeon (2/15)

Altars:


Innate Abilities, Weirdness & Mutations

You cannot be hasted, slowed, berserked, paralysed or teleported.
You can dig through walls and to a lower floor.
Your four strong arms can wield two-handed weapons with a shield.
You have a pair of large antennae on your head. (SInv)


Message History

The quokka bites you but does no damage.
You block the giant cockroach's attack.
The quokka bites you but does no damage.
The giant cockroach bites you.
You barely miss the giant cockroach.
The gnoll hits you from afar with a spear.
* * * LOW HITPOINT WARNING * * *
You block the quokka's attack. The giant cockroach barely misses you.
You barely miss the giant cockroach. The quokka bites you.
* * * LOW HITPOINT WARNING * * *
The giant cockroach closely misses you.
The gnoll hits you from afar with a spear.
* * * LOW HITPOINT WARNING * * *
The quokka barely misses you. The giant cockroach bites you.
* * * LOW HITPOINT WARNING * * *
You block the gnoll's attack.
You barely miss the giant cockroach. The quokka barely misses you.
The giant cockroach misses you. The gnoll hits you but does no damage.
You block the leopard gecko's attack. The quokka bites you.
You die...

#############
#@sgg.......#
#lrg........#
#..g........#####
#...............#
#########.......#
#.......# #######
#.......#
.......###.......##
.........'l......'.


You could see 4 gnolls, a leopard gecko, a quokka and a giant cockroach.

Vanquished Creatures
  2 adders (D:2)
  A leopard gecko (D:1)
  A giant cockroach (D:1)
  4 goblins (D:1)
  2 hobgoblins (D:1)
  3 kobolds (D:1)
  3 bats
  5 frilled lizards
  5 rats
26 creatures vanquished.

Notes
Turn   | Place    | Note
-------+----------+-------------------------------------------
     0 | D:1      | xccam the Formicid Fighter began the quest for the Orb.
     0 | D:1      | Reached XP level 1. HP: 18/18 MP: 1/1
    98 | D:1      | Reached XP level 2. HP: 24/24 MP: 2/2
   645 | D:2      | Reached XP level 3. HP: 29/29 MP: 3/3
   911 | D:2      | Slain by a quokka

Vault maps used:
D:1:      dpeg_arrival_erosion, minmay_misc_feat_tiny

Skill      XL: |  1  2 |
---------------+-------+-----
Maces & Flails | 3 |  3.8
Fighting       | |  3.2
Armour         | |  3.2
Shields        | |  3.6

Action                   || total
-------------------------++-------
Melee: Flail             ||    81
  Use: Potion            ||     1
Armor: Scale mail        ||    47
Dodge: Dodged            ||    25
Block: Shield            ||    46

Table legend:
 A = Spawn XP
 B = Non-spawn XP
 C = Spawn XP percentage of total XP
 D = Spawn monster count
 E = Non-spawn monster count
 F = Spawn count percentage of total count
 G = Total turns spent on level
                    A         B        C        D         E        F      G
               +---------+---------+-------+---------+---------+-------+---------
         Total |       0 |      61 |   0.0 |       0 |      26 |   0.0 |   911
               +---------+---------+-------+---------+---------+-------+---------
           D:1 |       0 |      28 |   0.0 |       0 |      19 |   0.0 |   598
           D:2 |       0 |      33 |   0.0 |       0 |       7 |   0.0 |   313
               +---------+---------+-------+---------+---------+-------+---------
